 Dungeon Sprint DCSS version 0.21-a0-361-g4efd3f9 (webtiles) character file.

265070 Kidiri the Conqueror (level 17, -9/277 (286) HPs)
             Began as a Grey Draconian Berserker on Oct 13, 2017.
             Was the Champion of Trog.
             Mangled by an Executioner (16 damage)
             ... summoned by Gloorx Vloq
             ... in the Dungeon (Sprint III: "The Ten Rune Challenge").
             The game lasted 01:34:52 (14542 turns).

Kidiri the Conqueror (Grey Draconian Berserker)    Turns: 14542, Time: 01:34:53

HP:   -9/277 (286)  AC: 21    Str: 42    XL:     17   Next: 63%
MP:   19/19         EV: 32    Int:  8    God:    Trog [******]
Gold: 5028          SH: 29    Dex: 18    Spells: 16/16 levels left

rFire    + . .     SeeInvis +   a - +10 demon whip "Mijo Ogatui" {flame, MP-9 Str+7 Dex+5}
rCold    x x .     Gourm    .   o - +2 large shield {reflect}
rNeg     + + +     Faith    .   (armour unavailable)
rPois    +         Spirit   .   l - +2 hat {MR+}
rElec    .         Reflect  +   H - +0 cloak of the Well-Known Orbs {rPois rN+}
rCorr    +         Harm     .   w - +0 pair of gloves of Limited Liability {Str+2 SInv}
MR       ++++.     Rnd*Rage +   q - +2 pair of boots {Fly} Stlth ..........NoTele +
                                n - amulet of regeneration
HPRegen  0.00/turn              r - ring "Rossamuk" {rCorr rC- rN+++ Str-4}
MPRegen  0.16/turn              D - ring of Fis Iff {Fire Str+6}

@: berserking, lethally poisoned (-9 -> -27), flying, non-regenerating,
diseased, slowed
A: walk through water, unfitting armour, talons 2, berserk 1, blurry vision 1,
magic resistance 2, strong 1, unbreathing, cold-blooded, AC +14
}: 5/10 runes: serpentine, barnacled, silver, golden, iron
a: Berserk, Trog's Hand, Brothers in Arms, Burn Spellbooks, Renounce Religion,
Stop Flying


You were in the Dungeon.
You worshipped Trog.
Trog was exalted by your worship.
You were not hungry.

You visited 1 branch You collected 7473 gold pieces.
You spent 2445 gold pieces at shops.

Inventory:

Hand Weapons
 a - the +10 demon whip "Mijo Ogatui" (weapon) {flame, MP-9 Str+7 Dex+5}
   (You acquired it in the Dungeon)

   It has been specially enchanted to burn those struck by it, causing extra
   injury to most foes and up to half again as much damage against particularly
   susceptible opponents.
   It affects your strength (+7).
   It affects your dexterity (+5).
   It affects your magic capacity (-9).
Missiles
 c - 15 javelins of returning
 d - 33 poisoned javelins
 B - 7 throwing nets
 C - 17 silver javelins
 F - 16 javelins of penetration (quivered)
 J - 17 steel javelins
 M - 15 stones
Armour
 l - a +2 hat of magic resistance (worn)
 o - a +2 large shield of reflection (worn)
 q - a +2 pair of boots of flying (worn)
 w - the +0 pair of gloves of Limited Liability (worn) {Str+2 SInv}
   (You acquired it in the Dungeon)

   It affects your strength (+2).
   It lets you see invisible.
 H - the +0 cloak of the Well-Known Orbs (worn) {rPois rN+}
   (You acquired it in the Dungeon)

   It protects you from poison.
   It protects you from negative energy.
Jewellery
 f - the ring "Depheq" {rElec rF+++ rC+ Dex-2 SInv}
   (You found it in the Dungeon)

   [ring of protection from cold]

   It affects your dexterity (-2).
   It renders you almost immune to fire.
   It protects you from cold.
   It insulates you from electricity.
   It lets you see invisible.
 g - the ring "Cidetoca" {+Fly Str+5}
   (You found it in the Dungeon)

   [ring of flight]

   It affects your strength (+5).
   It lets you fly.
 n - an amulet of regeneration (around neck)
 r - the ring "Rossamuk" (left hand) {rCorr rC- rN+++ Str-4}
   (You bought it in a shop in the Dungeon)

   [ring of resist corrosion]

   It affects your strength (-4).
   It makes you vulnerable to cold.
   It renders you almost immune to negative energy.
 D - the ring of Fis Iff (right hand) {Fire Str+6}
   (You found it in the Dungeon)

   [ring of fire]

   It enhances your fire magic.
   It affects your strength (+6).
   It protects you from fire.
   It makes you vulnerable to cold.
Wands
 y - a wand of iceblast (5/15)
 G - a wand of iceblast (5/15)
 L - a wand of disintegration (18/24)
 N - a wand of disintegration (8/24)
 O - a wand of disintegration (11/24)
 T - a wand of scattershot (3/9)
Scrolls
 e - a scroll of holy word
 h - 4 scrolls of blinking
 j - a scroll of immolation
 k - 2 scrolls of silence
 m - 2 scrolls of remove curse
 s - a scroll of fear
 t - 3 scrolls of enchant weapon
 v - a scroll of recharging
 K - a scroll of vulnerability
Potions
 i - 10 potions of curing
 p - 3 potions of haste
 x - a potion of agility
 E - a potion of invisibility
 I - 2 potions of magic
 P - a potion of brilliance
 S - a potion of heal wounds
Comestibles
 b - 17 royal jellies
 U - a bread ration


   Skills:
 O Level 27 Fighting
 * Level 26.5 Maces & Flails
 + Level 18.7 Throwing
 * Level 25.7 Dodging
 * Level 19.7 Shields
 + Level 15.6 Evocations


You had 16 spell levels left.
You didn't know any spells.

Dungeon Overview and Level Annotations

Branches:
Dungeon (1/1)

Altars:
Cheibriados
Dithmenos
Elyvilon
Fedhas
Gozag
Hepliaklqana
Kikubaaqudgha
Makhleb
Nemelex Xobeh
Okawaru
Qazlal
Ru
Sif Muna
Trog
Uskayaw
Vehumet
Wu Jian
Xom
Yredelemnul
Zin
The Shining One
Beogh
Jiyva
Lugonu

Shops:
D (!}??=[%%}[%:=[%!(!}?!?=

Annotations:
D exclusion: 4 doors, Gloorx Vloq


Innate Abilities, Weirdness & Mutations

You can walk through water.
Your dull iron-grey scales are very hard. (AC +14)
You cannot fit into any form of body armour.
You can survive without breathing.
You are cold-blooded and may be slowed by cold attacks.
You have razor-sharp toenails.
You tend to lose your temper in combat.
Scrolls take you a little longer to read.
You are highly resistant to hostile enchantments. (MR++)
Your muscles are strong. (Str +2)


Message History

The Executioner hits you.
* * * LOW HITPOINT WARNING * * *
You block the Executioner's attack. x2; The Executioner completely misses you.
The Executioner closely misses you. You block Gloorx Vloq's attack.
Unknown command.
You are too berserk!
Unknown command.
There is a lethal amount of poison in your body!
Unknown command.
Your shield prevents you from hitting the Executioner.
The Executioner is moderately wounded.
* * * LOW HITPOINT WARNING * * *
You feel sick. You block the Executioner's attack. x2
The Executioner closely misses you. The Executioner hits you!
* * * LOW HITPOINT WARNING * * *
The Executioner completely misses you.
The Executioner hits you but does no damage.
The Executioner closely misses you. x2; You block the Executioner's attack.
The Executioner hits you!
You die...

............................#...#
............................'...'
............................#...#
............................#...#
#######+#############'###########
***≈≈≈≈≈≈≈≈≈*#§,§#§§§§#.§§#*,,,,
*,+≈***≈≈*+**#§5§+.§§§'.§§#*,,,,
****≈*,+≈≈*,* #1&1#.§§§#...#*,,,,
*≈≈≈≈***≈≈*****#@########'##*,,,,
*≈≈≈≈≈≈≈≈≈≈≈≈* #C1§§§§§.§.# *,,,,
*≈≈≈≈***≈≈≈≈≈*##+##########**,***
**+*≈*,+≈≈*+**#§§§#,,,,,,,,**,*,*
*,*≈***≈≈*,* #§§§+,,,,,,,,**,***
***≈≈≈≈≈≈*** #§§§#,,,,,,,,**,,,,
******** #####**************


You could see Gloorx Vloq, 3 Executioners, a quasit and a friendly stone giant
(berserk).

Vanquished Creatures
  Dispater (D)
  Mara (D)
  Mennas (D)
  2 greater mummies (D)
  Sojobo (D)
  Boris (D)
  Nikola (D)
  Geryon (D)
  A golden dragon (D)
  A lich (D)
  2 Hell Sentinels (D)
  An iron giant (D)
  A deep elf blademaster (D)
  A quicksilver dragon (D)
  2 sphinxes (D)
  A kraken (D)
  An ancient champion (D)
  Chuck (D)
  Gastronok (D)
  Roxanne (D)
  3 shadow dragons (D)
  A storm dragon (D)
  4 azure jellies (D)
  2 frost giants (D)
  An iron dragon (D)
  3 stone giants (D)
  3 war gargoyles (D)
  Azrael (D)
  2 vampire knights (D)
  2 dire elephants (D)
  11 mummy priests (D)
  A fire dragon (D)
  An ogre mage (D)
  4 yaktaur captains (D)
  2 hydras (D)
  12 vault guards (D)
  2 hell beasts (D)
  An alligator snapping turtle (D)
  A satyr (shapeshifter) (D)
  3 anacondas (D)
  3 centaur warriors (D)
  Erica (D)
  4 dancing weapons (D)
  2 iron elementals (D)
  3 death yaks (D)
  2 titan zombies (D)
  2 soul eaters (D)
  Urug (D)
  2 sun demons (D)
  An iron golem (D)
  3 deep elf knights (D)
  A shadow wraith (D)
  8 skeletal warriors (D)
  2 unseen horrors (D)
  A spriggan druid (D)
  A deep troll (shapeshifter) (D)
  A death drake (D)
  An anaconda zombie (D)
  2 obsidian statues (D)
  An orange crystal statue (D)
  A spectral iron dragon (D)
  A lindwurm (D)
  Joseph (D)
  4 ugly things (D)
  6 deep elf magi (D)
  2 oklob plants (D)
  4 crystal guardians (D)
  A shining eye (shapeshifter) (D)
  A wolf spider (shapeshifter) (D)
  A manticore (shapeshifter) (D)
  A moth of wrath (shapeshifter) (D)
  A stone giant skeleton (D)
  A guardian serpent (D)
  4 black mambas (D)
  2 elephants (D)
  3 rust devils (D)
  6 statues (D)
  A molten gargoyle (D)
  2 spiny frogs (D)
  A komodo dragon (D)
  A rime drake (D)
  10 yaktaurs (D)
  An anaconda simulacrum (D)
  21 guardian mummies (D)
  2 ice devils (D)
  A troll (shapeshifter) (D)
  3 wandering mushrooms (D)
  4 spriggan defenders (D)
  3 hornets (D)
  8 blink frogs (D)
  6 slime creatures (D)
  4 snapping turtles (D)
  3 redbacks (D)
  2 spriggans (D)
  5 shadows (D)
  2 iron troll simulacra (D)
  A spatial vortex (D)
  A water moccasin (D)
  A swamp drake (D)
  3 orc warriors (D)
  4 fire dragon simulacra (D)
  A necrophage (D)
  2 centaurs (D)
  An earth elemental (D)
  A water elemental (D)
  4 killer bees (D)
  3 electric eels (D)
  4 quasits (D)
  6 orc priests (D)
  A jelly (D)
  3 orc wizards (D)
  A wizard (D)
  Jessica (D)
  A necromancer (D)
  3 humans (D)
  A kobold demonologist (D)
  5 adders (D)
  2 oozes (D)
  A phantom (D)
  9 orcs (D)
  A bat (D)
  A rat (D)
  3 ballistomycetes (D)
  8 bushes (D)
  8 butterflies (D)
  3 fungi (D)
  28 plants (D)
  3 tentacles (D)
360 creatures vanquished.

Vanquished Creatures (collateral kills)
  Rupert (D)
  A Hell Sentinel (D)
  Harold (D)
  A nagaraja (D)
  2 stone giants (D)
  A deep elf demonologist (D)
  2 deep elf high priests (D)
  4 vault guards (D)
  A naga warrior (D)
  An alligator snapping turtle (D)
  A death yak (D)
  A queen bee (D)
  2 tyrant leeches (D)
  2 nagas (D)
  28 killer bees (D)
49 creatures vanquished.

Vanquished Creatures (others)
  2 draconian scorchers (D)
  A war gargoyle (D)
  Nessos (D)
  2 statues (D)
  6 hellions (D)
  3 yaktaurs (D)
  2 ball lightnings (D)
  6 ballistomycete spores (D)
  A fungus (D)
  7 plants (D)
  5 tentacles (D)
36 creatures vanquished.

Grand Total: 445 creatures vanquished

Notes
Turn   | Place    | Note
-------+----------+-------------------------------------------
     0 | D        | Kidiri the Draconian Berserker began the quest for the Orb.
     0 | D        | Reached XP level 1. HP: 19/19 MP: 1/1
    11 | D        | Reached skill level 4 in Fighting
    11 | D        | Reached skill level 1 in Throwing
    11 | D        | Reached XP level 2. HP: 23/27 MP: 2/2
    47 | D        | Noticed Jessica
    50 | D        | Reached ** piety under Trog
    53 | D        | Killed Jessica
    53 | D        | Reached XP level 3. HP: 11/35 MP: 3/3
   107 | D        | Killed a hellion
   107 | D        | Killed a hellion
   113 | D        | Killed a hellion
   152 | D        | Killed a white draconian scorcher
   201 | D        | Killed a hellion
   214 | D        | Killed a hellion
   217 | D        | Killed a yaktaur
   263 | D        | Killed a white draconian scorcher
   286 | D        | Reached skill level 5 in Fighting
   305 | D        | Killed a hellion
   320 | D        | Reached *** piety under Trog
   328 | D        | Gained mutation: Your tail ends in a poisonous barb. [potion of mutation]
   328 | D        | Gained mutation: You have a pair of small horns on your head. [potion of mutation]
   328 | D        | Gained mutation: You have sharp fingernails. [potion of mutation]
   329 | D        | Lost mutation: You have sharp fingernails. [potion of mutation]
   329 | D        | Lost mutation: You have a pair of small horns on your head. [potion of mutation]
   329 | D        | Lost mutation: Your tail ends in a poisonous barb. [potion of mutation]
   329 | D        | Gained mutation: You are dopey. (Int -2) [potion of mutation]
   329 | D        | Gained mutation: You tend to lose your temper in combat. [potion of mutation]
   329 | D        | Gained mutation: You occasionally shout uncontrollably at your foes. [potion of mutation]
   329 | D        | Gained mutation: You are resistant to hostile enchantments. (MR+) [potion of mutation]
   330 | D        | Lost mutation: You are resistant to hostile enchantments. (MR+) [potion of mutation]
   330 | D        | Lost mutation: You are dopey. (Int -2) [potion of mutation]
   330 | D        | Lost mutation: You occasionally shout uncontrollably at your foes. [potion of mutation]
   330 | D        | Gained mutation: You have sharp toenails. [potion of mutation]
   330 | D        | Gained mutation: You are resistant to hostile enchantments. (MR+) [potion of mutation]
   412 | D        | Noticed a water elemental
   417 | D        | Killed a water elemental
   417 | D        | Reached skill level 6 in Fighting
   417 | D        | Reached skill level 5 in Maces & Flails
   417 | D        | Reached skill level 5 in Dodging
   417 | D        | Reached XP level 4. HP: 25/45 MP: 4/4
   590 | D        | Found a radiant altar of Vehumet.
   590 | D        | Found a deep blue altar of Sif Muna.
   590 | D        | Found an ancient bone altar of Kikubaaqudgha.
   590 | D        | Noticed a wizard
   591 | D        | Reached **** piety under Trog
   594 | D        | Noticed a hellwing
   597 | D        | Killed a wizard
   597 | D        | Reached skill level 7 in Fighting
   597 | D        | Reached XP level 5. HP: 52/52 MP: 5/5
   605 | D        | Reached ***** piety under Trog
   705 | D        | Killed a yaktaur
   711 | D        | Found a glowing silver altar of Zin.
   712 | D        | Found a glowing golden altar of the Shining One.
   712 | D        | Found a white marble altar of Elyvilon.
   712 | D        | Noticed a deep elf mage
   715 | D        | Noticed a fire elemental
   715 | D        | Noticed a fire elemental
   717 | D        | Noticed a fire elemental
   719 | D        | Killed a deep elf mage
   719 | D        | Reached skill level 9 in Fighting
   719 | D        | Reached skill level 5 in Throwing
   719 | D        | Reached XP level 6. HP: 64/64 MP: 6/6
   719 | D        | Your scales start taking on a dull iron-grey colour.
   719 | D        | Reached XP level 7. HP: 70/70 MP: 7/7
   719 | D        | Gained mutation: You can survive without breathing. [Grey Draconian growth]
   788 | D        | Found an ornate altar of the Wu Jian Council.
   788 | D        | Found a roughly hewn altar of Beogh.
   788 | D        | Found an iron altar of Okawaru.
   788 | D        | Found a bloodstained altar of Trog.
   788 | D        | Found a hide-covered altar of Uskayaw.
   788 | D        | Noticed a human
   788 | D        | Noticed a human
   802 | D        | Killed a human
   802 | D        | Received a gift from Trog
   802 | D        | Reached skill level 10 in Fighting
   811 | D        | Killed a human
  1141 | D        | Found a basalt altar of Yredelemnul.
  1141 | D        | Found a shadowy altar of Dithmenos.
  1141 | D        | Found a sacrificial altar of Ru.
  1226 | D        | Noticed a shadow
  1231 | D        | Killed a shadow
  1231 | D        | Received a gift from Trog
  1231 | D        | Reached skill level 10 in Maces & Flails
  1231 | D        | Reached XP level 8. HP: 80/80 MP: 8/8
  1274 | D        | Found a blossoming altar of Fedhas.
  1274 | D        | Found a stormy altar of Qazlal.
  1275 | D        | Found a snail-covered altar of Cheibriados.
  1275 | D        | Found a burning altar of Makhleb.
  1275 | D        | Found a hazy altar of Hepliaklqana.
  1275 | D        | Found a shimmering altar of Xom.
  1275 | D        | Found an opulent altar of Gozag.
  1275 | D        | Found a sparkling altar of Nemelex Xobeh.
  1275 | D        | Found a corrupted altar of Lugonu.
  1275 | D        | Found a viscous altar of Jiyva.
  1283 | D        | Reached skill level 11 in Fighting
  1308 | D        | Noticed Erica
  1318 | D        | Killed Erica
  1318 | D        | Reached skill level 10 in Dodging
  1366 | D        | Reached skill level 12 in Fighting
  1400 | D        | Noticed a centaur warrior
  1408 | D        | Killed a centaur warrior
  1408 | D        | Reached XP level 9. HP: 91/91 MP: 9/9
  1409 | D        | Reached ****** piety under Trog
  1412 | D        | Received a gift from Trog
  1428 | D        | Killed a yaktaur
  1611 | D        | Killed an unseen horror
  1611 | D        | Reached skill level 13 in Fighting
  1617 | D        | Killed an unseen horror
  1695 | D        | Noticed a queen bee
  1701 | D        | Reached XP level 10. HP: 97/101 MP: 10/10
  1710 | D        | Received a gift from Trog
  1719 | D        | Received a gift from Trog
  1728 | D        | Received a gift from Trog
  1734 | D        | Reached skill level 14 in Fighting
  1742 | D        | Received a gift from Trog
  2079 | D        | Noticed a spiny frog
  2079 | D        | Noticed a spiny frog
  2085 | D        | Killed a spiny frog
  2087 | D        | Killed a spiny frog
  2168 | D        | Noticed a lindwurm
  2171 | D        | Received a gift from Trog
  2171 | D        | Reached skill level 15 in Fighting
  2174 | D        | Killed a lindwurm
  2379 | D        | Noticed Urug
  2386 | D        | Killed Urug
  2386 | D        | Reached XP level 11. HP: 112/112 MP: 11/11
  2529 | D        | Received a gift from Trog
  2669 | D        | Noticed Rupert
  2675 | D        | Killed Rupert
  2675 | D        | Reached skill level 16 in Fighting
  2675 | D        | Reached skill level 15 in Maces & Flails
  2675 | D        | Reached skill level 10 in Throwing
  2750 | D        | Noticed a death yak
  2751 | D        | Noticed a death yak
  2753 | D        | Noticed a death yak
  2754 | D        | Noticed a death yak
  2755 | D        | Killed a death yak
  2765 | D        | Killed a death yak
  2768 | D        | Killed a death yak
  2772 | D        | Killed a death yak
  2896 | D        | Received a gift from Trog
  2954 | D        | Noticed an azure jelly
  2954 | D        | Noticed an azure jelly
  2998 | D        | Reached skill level 17 in Fighting
  3008 | D        | Noticed an anaconda
  3022 | D        | Killed an anaconda
  3022 | D        | Received a gift from Trog
  3140 | D        | Noticed an anaconda
  3141 | D        | Noticed an anaconda
  3153 | D        | Killed an anaconda
  3153 | D        | Reached skill level 15 in Dodging
  3153 | D        | Reached XP level 12. HP: 84/124 MP: 4/12
  3157 | D        | Killed an anaconda
  3159 | D        | Received a gift from Trog
  3381 | D        | Noticed a naga warrior
  3381 | D        | Noticed a nagaraja
  3387 | D        | Killed a nagaraja
  3389 | D        | Killed a naga warrior
  3396 | D        | Found Ischanon's Antique Weapon Boutique.
  3396 | D        | Found Nuoviwn's Distillery.
  3399 | D        | Found Zunn's Gadget Shop.
  3497 | D        | Received a gift from Trog
  3506 | D        | Got a serpentine rune of Zot
  3512 | D        | Gained mutation: Scrolls take you a little longer to read. [mutagenic meat]
  3513 | D        | Gained mutation: You have razor-sharp toenails. [mutagenic meat]
  3514 | D        | Gained mutation: Potions are less effective at restoring your health. [mutagenic meat]
  3515 | D        | Gained mutation: Your muscles are strong. (Str +2) [mutagenic meat]
  3516 | D        | Gained mutation: You are highly resistant to hostile enchantments. (MR++) [mutagenic meat]
  3653 | D        | Noticed an azure jelly
  3657 | D        | Noticed an azure jelly
  3685 | D        | Noticed a dire elephant
  3685 | D        | Noticed a dire elephant
  3685 | D        | Noticed Gastronok
  3697 | D        | Killed a dire elephant
  3701 | D        | Killed a dire elephant
  3701 | D        | Received a gift from Trog
  3701 | D        | Reached skill level 18 in Fighting
  3709 | D        | Killed Gastronok
  3709 | D        | Received a gift from Trog
  3958 | D        | Found Anoat's Magic Scroll Boutique.
  3969 | D        | Received a gift from Trog
  3981 | D        | Received a gift from Trog
  3983 | D        | Received a gift from Trog
  3985 | D        | Received a gift from Trog
  4085 | D        | Bought a scroll of enchant weapon for 75 gold pieces
  4085 | D        | Bought a scroll of recharging for 95 gold pieces
  4085 | D        | Bought a scroll of fog for 20 gold pieces
  4213 | D        | Bought a potion of curing for 39 gold pieces
  4213 | D        | Bought a potion of curing for 39 gold pieces
  4213 | D        | Bought a potion of haste for 130 gold pieces
  4213 | D        | Bought a potion of curing for 39 gold pieces
  4213 | D        | Bought a potion of heal wounds for 65 gold pieces
  4213 | D        | Bought a potion of curing for 39 gold pieces
  4215 | D        | Bought a potion of agility for 52 gold pieces
  4366 | D        | Bought a scroll of identify for 20 gold pieces
  4366 | D        | Bought a scroll of identify for 20 gold pieces
  4366 | D        | Bought a scroll of identify for 20 gold pieces
  4407 | D        | Received a gift from Trog
  4412 | D        | Received a gift from Trog
  4446 | D        | Noticed a deep elf high priest
  4638 | D        | Noticed a deep elf blademaster
  4642 | D        | Noticed a deep elf high priest
  4695 | D        | Reached skill level 19 in Fighting
  4697 | D        | Noticed a deep elf demonologist
  4810 | D        | Received a gift from Trog
  4976 | D        | Killed a deep elf high priest
  4980 | D        | Killed a deep elf demonologist
  4985 | D        | Killed a deep elf high priest
  4985 | D        | Reached XP level 13. HP: 85/136 MP: 4/13
  5010 | D        | Killed Nessos
  5158 | D        | Killed a deep elf blademaster
  5205 | D        | Got a fine plate armour
  5227 | D        | Received a gift from Trog
  5235 | D        | Got a slimy turquoise ring
  5302 | D        | Identified the ring of the Gloaming {rF+ Int+5 Dex+3} (You found it in the Dungeon)
  5425 | D        | Reached skill level 1 in Shields
  5474 | D        | Found a blossoming altar of Fedhas.
  5482 | D        | Received a gift from Trog
  5550 | D        | Noticed a kraken
  5626 | D        | Killed a kraken
  5626 | D        | Received a gift from Trog
  5626 | D        | Reached skill level 20 in Fighting
  5774 | D        | Received a gift from Trog
  5980 | D        | Received a gift from Trog
  6039 | D        | Found Cunomn's Antique Armour Boutique.
  6039 | D        | Found Dyshritz's Jewellery Shop.
  6039 | D        | Found Mudutt's Magic Scroll Emporium.
  6047 | D        | Received a gift from Trog
  6063 | D        | Got a barnacled rune of Zot
  6066 | D        | Bought an embroidered hat for 168 gold pieces
  6066 | D        | Bought a pair of embroidered boots for 180 gold pieces
  6085 | D        | Bought a scroll of fear for 35 gold pieces
  6085 | D        | Bought a scroll of identify for 20 gold pieces
  6085 | D        | Bought a scroll of blinking for 75 gold pieces
  6085 | D        | Bought a scroll of enchant armour for 75 gold pieces
  6085 | D        | Bought a scroll of identify for 20 gold pieces
  6085 | D        | Bought a scroll of blinking for 75 gold pieces
  6179 | D        | Noticed Harold
  6179 | D        | Noticed Joseph
  6184 | D        | Killed Harold
  6190 | D        | Killed Joseph
  6254 | D        | Received a gift from Trog
  6798 | D        | Reached skill level 5 in Shields
  6812 | D        | Noticed Azrael
  6818 | D        | Killed Azrael
  6872 | D        | Got an iridescent demon whip
  6873 | D        | Identified the +10 demon whip "Mijo Ogatui" {flame, MP-9 Str+7 Dex+5} (You acquired it in the Dungeon)
  7007 | D        | Found Meanas's Antique Weapon Emporium.
  7007 | D        | Found Tevioroli's Gadget Shop.
  7007 | D        | Found Inkas's Food Boutique.
  7007 | D        | Found Buumou's Jewellery Shoppe.
  7007 | D        | Found Weireim's Distillery.
  7007 | D        | Found Sudy's Distillery.
  7007 | D        | Found Duepulyl's Antique Armour Shoppe.
  7007 | D        | Found Kigatoet's Magic Scroll Shop.
  7007 | D        | Found Ezajaowk's Jewellery Shop.
  7007 | D        | Found Luraczul's Distillery.
  7007 | D        | Found Naveraag's Book Emporium.
  7007 | D        | Found Fumeoman's Magic Scroll Boutique.
  7027 | D        | Bought a potion of curing for 30 gold pieces
  7027 | D        | Bought a potion of curing for 30 gold pieces
  7028 | D        | Bought a potion of curing for 39 gold pieces
  7028 | D        | Bought a potion of heal wounds for 65 gold pieces
  7028 | D        | Bought a potion of heal wounds for 65 gold pieces
  7028 | D        | Bought a potion of haste for 130 gold pieces
  7028 | D        | Bought a potion of haste for 130 gold pieces
  7031 | D        | Bought a scroll of blinking for 90 gold pieces
  7031 | D        | Bought a scroll of identify for 24 gold pieces
  7031 | D        | Bought 3 scrolls of identify for 72 gold pieces
  7034 | D        | Bought a potion of curing for 39 gold pieces
  7034 | D        | Bought a potion of heal wounds for 65 gold pieces
  7034 | D        | Bought a potion of curing for 39 gold pieces
  7073 | D        | Received a gift from Trog
  7073 | D        | Reached skill level 1 in Evocations
  7159 | D        | Received a gift from Trog
  7162 | D        | Got a shimmering scimitar
  7163 | D        | Identified the +3 scimitar of Due Proportion {pain, rF+ rC+} (You found it in the Dungeon)
  7175 | D        | Noticed a fire dragon
  7181 | D        | Killed a fire dragon
  7193 | D        | Reached skill level 21 in Fighting
  7256 | D        | Received a gift from Trog
  7278 | D        | Reached XP level 14. HP: 123/150 MP: 7/16
  7358 | D        | Noticed an entropy weaver
  7366 | D        | an entropy weaver changed into a satyr
  7508 | D        | Received a gift from Trog
  7510 | D        | Noticed Chuck
  7523 | D        | Killed Chuck
  7530 | D        | Got a brightly glowing chain mail
  7874 | D        | Noticed Sojobo
  7914 | D        | Killed Sojobo
  7914 | D        | Received a gift from Trog
  7914 | D        | Reached skill level 5 in Evocations
  8218 | D        | Lost mutation: Potions are less effective at restoring your health. [mutagenic meat]
  8226 | D        | Noticed a lich
  8230 | D        | Killed a lich
  8230 | D        | Received a gift from Trog
  8230 | D        | Reached skill level 22 in Fighting
  8265 | D        | Received a gift from Trog
  8267 | D        | Noticed a shadow dragon
  8270 | D        | Noticed a shadow dragon
  8277 | D        | Killed a shadow dragon
  8284 | D        | Killed a shadow dragon
  8689 | D        | Received a gift from Trog
  8698 | D        | Received a gift from Trog
  8720 | D        | Noticed an ancient lich
  8734 | D        | Found the +4 Vampire's Tooth {vamp}
  8753 | D        | Got an encrusted bardiche
  8798 | D        | Noticed a sphinx
  8798 | D        | Noticed a sphinx
  8804 | D        | Received a gift from Trog
  8808 | D        | Killed a sphinx
  8812 | D        | Killed a sphinx
  8881 | D        | Received a gift from Trog
  8951 | D        | Received a gift from Trog
  8951 | D        | Reached skill level 10 in Shields
  9019 | D        | Reached skill level 23 in Fighting
  9021 | D        | Reached XP level 15. HP: 145/160 MP: 12/21
  9239 | D        | Noticed a golden dragon
  9240 | D        | Received a gift from Trog
  9243 | D        | Reached skill level 15 in Throwing
  9244 | D        | Killed a golden dragon
  9246 | D        | Received a gift from Trog
  9247 | D        | Noticed a frost giant
  9249 | D        | Noticed a shadow dragon
  9249 | D        | Received a gift from Trog
  9257 | D        | Killed a frost giant
  9257 | D        | Received a gift from Trog
  9257 | D        | Received a gift from Trog
  9290 | D        | Received a gift from Trog
  9294 | D        | Noticed a quicksilver dragon
  9300 | D        | Reached skill level 10 in Evocations
  9306 | D        | Killed a shadow dragon
  9310 | D        | Killed a quicksilver dragon
  9310 | D        | Reached skill level 24 in Fighting
  9324 | D        | Received a gift from Trog
  9331 | D        | Noticed a frost giant
  9337 | D        | Killed a frost giant
  9337 | D        | Received a gift from Trog
  9525 | D        | Received a gift from Trog
  9525 | D        | Received a gift from Trog
  9679 | D        | Got a silver rune of Zot
  9696 | D        | Got a scorched jade ring
  9849 | D        | Identified the ring of Fis Iff {Fire Str+6} (You found it in the Dungeon)
  9859 | D        | Got a transparent iron ring
  9861 | D        | Identified the ring of Edwymeshro {MR+ Dex+5 SInv Stlth+} (You acquired it in the Dungeon)
 10055 | D        | Killed an azure jelly
 10059 | D        | Killed an azure jelly
 10060 | D        | Killed an azure jelly
 10064 | D        | Killed an azure jelly
 10157 | D        | Received a gift from Trog
 10241 | D        | Received a gift from Trog
 10255 | D        | Noticed Boris
 10269 | D        | Killed Boris
 10280 | D        | Reached XP level 16. HP: 174/174 MP: 15/24
 10282 | D        | Received a gift from Trog
 10323 | D        | Received a gift from Trog
 10323 | D        | Reached skill level 25 in Fighting
 10384 | D        | Found Rukes's Food Emporium.
 10384 | D        | Found Uckeank's Armour Shop.
 10384 | D        | Found Axzopn's Gadget Shop.
 10384 | D        | Found Qanoic's Food Shoppe.
 10410 | D        | Found Yggaimnu's Food Boutique.
 10468 | D        | Received a gift from Trog
 10720 | D        | Received a gift from Trog
 10780 | D        | Noticed Roxanne
 10790 | D        | Killed Roxanne
 10791 | D        | Received a gift from Trog
 10869 | D        | Received a gift from Trog
 10870 | D        | Received a gift from Trog
 10877 | D        | Received a gift from Trog
 10959 | D        | Bought the ring "Rossamuk" {rCorr rC- rN+++ Str-4} for 326 gold pieces
 11083 | D        | Received a gift from Trog
 11084 | D        | Received a gift from Trog
 11092 | D        | Received a gift from Trog
 11095 | D        | Noticed a greater mummy
 11481 | D        | Killed a greater mummy
 11481 | D        | Reached skill level 15 in Shields
 11489 | D        | Got a warped short sword {pain}
 11499 | D        | Noticed a greater mummy
 11683 | D        | Got a dazzling chain mail
 11702 | D        | Killed a greater mummy
 11702 | D        | Received a gift from Trog
 11702 | D        | Reached skill level 26 in Fighting
 11744 | D        | Got a fine ring mail
 11751 | D        | Identified the +7 short sword "Sarie" {pain, rF+ MP+9} (You took it off a greater mummy in the Dungeon)
 11768 | D        | Got a golden rune of Zot
 11771 | D        | Got a pair of steaming gloves
 11782 | D        | Identified the +0 pair of gloves of Limited Liability {Str+2 SInv} (You acquired it in the Dungeon)
 11812 | D        | Got a pair of ancient boots
 11823 | D        | Identified the -4 pair of boots "Ejobik" {rPois Int+3} (You acquired it in the Dungeon)
 11842 | D        | Got a distressingly furry cloak
 11853 | D        | Identified the +0 cloak of the Well-Known Orbs {rPois rN+} (You acquired it in the Dungeon)
 12150 | D        | Noticed Nikola
 12150 | D        | Noticed a storm dragon
 12154 | D        | Received a gift from Trog
 12163 | D        | Killed a storm dragon
 12174 | D        | Killed Nikola
 12423 | D        | Noticed Mara
 12430 | D        | Killed Mara
 12436 | D        | Received a gift from Trog
 12493 | D        | Noticed an ancient champion
 12496 | D        | Killed an ancient champion
 12497 | D        | Identified the Disquisition on the Birds and Fire
 12521 | D        | Received a gift from Trog
 12575 | D        | Noticed Mennas
 12591 | D        | Killed Mennas
 12591 | D        | Reached XP level 17. HP: 190/190 MP: 18/27
 12719 | D        | Noticed Geryon
 12722 | D        | Received a gift from Trog
 12723 | D        | Received a gift from Trog
 12723 | D        | Reached skill level 27 in Fighting
 12736 | D        | Killed Geryon
 12736 | D        | Received a gift from Trog
 12744 | D        | Received a gift from Trog
 12745 | D        | Received a gift from Trog
 13000 | D        | Noticed an iron giant
 13006 | D        | Received a gift from Trog
 13014 | D        | Killed an iron giant
 13029 | D        | Got a brightly glowing hand crossbow {god gift}
 13062 | D        | Identified the +9 hand crossbow "Kileh" {venom, -Tele rPois Str+8} (Trog gifted it to you in the Dungeon)
 13103 | D        | Received a gift from Trog
 13155 | D        | Noticed a Hell Sentinel
 13170 | D        | Killed a Hell Sentinel
 13170 | D        | Reached skill level 15 in Evocations
 13180 | D        | Got a faintly humming cloak
 13180 | D        | Got a transparent large shield
 13193 | D        | Identified the -2 cloak of Salvation {-Cast rC+ MR+} (You found it in the Dungeon)
 13213 | D        | Identified the +0 large shield of Greater Demons {SInv} (You found it in the Dungeon)
 13317 | D        | Noticed a Hell Sentinel
 13317 | D        | Noticed a Hell Sentinel
 13317 | D        | Noticed Dispater
 13320 | D        | Noticed a Hell Sentinel
 13326 | D        | Killed a Hell Sentinel
 13334 | D        | Killed a Hell Sentinel
 13334 | D        | Received a gift from Trog
 13355 | D        | HP: 6/191 [Dispater/damnation (33)]
 13357 | D        | Killed Dispater
 13357 | D        | Received a gift from Trog
 13373 | D        | Got a brightly glowing flail {god gift}
 13374 | D        | Identified the +7 flail of Exoneration {venom, rC+} (Trog gifted it to you in the Dungeon)
 13382 | D        | Got a crude granite ring
 13382 | D        | Got a wavering steel ring
 13389 | D        | Got an iron rune of Zot
 13392 | D        | Got a twisted long sword
 13527 | D        | Identified the +9 long sword "Death Rattle" {freeze, rN+ MR- SInv} (You found it in the Dungeon)
 13536 | D        | Identified the ring "Depheq" {rElec rF+++ rC+ Dex-2 SInv} (You found it in the Dungeon)
 13538 | D        | Identified the ring "Cidetoca" {+Fly Str+5} (You found it in the Dungeon)
 13792 | D        | Got a bloodstained leather armour
 14384 | D        | Received a gift from Trog
 14449 | D        | Received a gift from Trog
 14460 | D        | Received a gift from Trog
 14530 | D        | Noticed Gloorx Vloq
 14542 | D        | HP: 7/277 [Executioner[Gloorx Vloq] (10)]
 14542 | D        | Mangled by an Executioner

Vault maps used:
D:        dungeon_sprint_mu

Skill      XL: |  1  2  3  4  5  6  7  8  9 10 11 12 13 14 15 16 17 |
---------------+----------------------------------------------------+-----
Dodging        | 3 4 5 8 9 11 13 15 16 19 21 22 24 25 | 25.7
Fighting       | 4 6 7 9 10 12 13 15 17 19 21 23 24 26 27 | 27.0
Throwing       | 1 2 3 5 6 7 8 9 10 12 13 14 16 17 18 | 18.7
Maces & Flails | 4 5 6 8 10 11 12 14 16 17 19 21 23 25 26 | 26.5
Shields        | 6 10 13 17 19 | 19.7
Evocations     | 3 8 11 13 15 | 15.6

Action                   |  1- 3 |  4- 6 |  7- 9 | 10-12 | 13-15 | 16-18 || total
-------------------------+-------+-------+-------+-------+-------+-------++-------
Melee: Mace              |    34 |     7 |    56 |       |    35 |       ||   132
       Tailslap          |     3 |       |    12 |    32 |   159 |   116 ||   322
       Kick              |     3 |     1 |    27 |    70 |    30 |       ||   131
       Dire flail        |       |       |    16 |   234 |   106 |       ||   356
       Demon whip        |       |       |       |       |   352 |   364 ||   716
Throw: Javelin           |       |       |       |    24 |    38 |    32 ||    94
       Tomahawk          |       |       |       |    12 |       |       ||    12
Invok: Berserk           |     2 |     2 |     6 |     8 |    11 |     9 ||    38
       Burn Spellbooks   |       |     2 |       |       |     4 |     3 ||     9
       Brothers in Arms  |       |       |     1 |     6 |     9 |     5 ||    21
 Abil: Stop Flying       |       |       |       |       |     1 |       ||     1
       Evoke Flight      |       |       |       |       |     1 |       ||     1
Evoke: Wand              |       |       |       |       |       |     1 ||     1
  Use: Potion            |     4 |       |     1 |       |       |     9 ||    14
       Scroll            |     4 |       |       |     4 |    10 |    14 ||    32
 Stab: Sleeping          |       |       |       |       |     3 |     4 ||     7
       Distracted        |       |       |       |       |       |     1 ||     1
  Eat: Fruit             |       |     3 |       |     4 |     9 |       ||    16
       Chunk             |       |     1 |     3 |    13 |    10 |     4 ||    31
       Bread ration      |       |       |     1 |       |     1 |       ||     2
       Meat ration       |       |       |       |     2 |       |     1 ||     3
       Royal jelly       |       |       |       |       |     5 |     8 ||    13
Armor: Skin              |     2 |     1 |    22 |    42 |    30 |    50 ||   147
Dodge: Dodged            |    17 |     2 |    36 |   134 |   164 |   179 ||   532
Block: Buckler           |       |       |       |       |    12 |       ||    12
       Other             |       |       |       |       |     6 |       ||     6
       Reflection        |       |       |       |       |     2 |    32 ||    34
       Shield            |       |       |       |       |   156 |    76 ||   232
       Large shield      |       |       |       |       |    12 |   240 ||   252

Table legend:
 A = Spawn XP
 B = Non-spawn XP
 C = Spawn XP percentage of total XP
 D = Spawn monster count
 E = Non-spawn monster count
 F = Spawn count percentage of total count
 G = Total turns spent on level
                    A         B        C        D         E        F      G
               +---------+---------+-------+---------+---------+-------+---------
         Total |       0 |  262676 |   0.0 |       0 |     358 |   0.0 | 14542
               +---------+---------+-------+---------+---------+-------+---------
             D |       0 |  262676 |   0.0 |       0 |     358 |   0.0 | 14542
               +---------+---------+-------+---------+---------+-------+---------
